 Dungeon Crawl Stone Soup version 0.23.2-33-g5129a83184 (webtiles) character file.

Game seed: 7912839067771795473

84 AarnesTheHuman the Covered (level 4, 0/38 HPs)
             Began as a Barachi Fighter on Aug 7, 2019.
             Slain by Natasha (5 damage)
             ... on level 2 of the Dungeon.
             The game lasted 00:01:36 (1277 turns).

AarnesTheHuman the Covered (Barachi Fighter)        Turns: 1277, Time: 00:01:36

Health: 0/38       AC:  7    Str: 24    XL:     4   Next: 46%
Magic:  4/4        EV:  7    Int:  8    God:
Gold:   74         SH: 10    Dex: 11    Spells: 3/3 levels left

rFire    . . .     SeeInvis .   a - +0 long sword
rCold    . . .     Gourm    .   c - +0 shield
rNeg     . . .     Faith    .   b - +0 scale mail
rPois    .         Spirit   .   (no helmet)
rElec    .         Reflect  .   (no cloak)
rCorr    .         Harm     .   (no gloves)
MR       .....                  (no boots)
Stlth    ..........             (no amulet)
HPRegen  0.12/turn              (no ring)
MPRegen  0.09/turn              (no ring)

@: mighty, slow
A: +LOS, swims, slowness 1, strong legs 1
a: Hop


You were on level 2 of the Dungeon.
You were not hungry.

You visited 1 branch of the dungeon, and saw 2 of its levels.

You collected 74 gold pieces.

Inventory:

Hand Weapons
 a - a +0 long sword (weapon)
Armour
 b - a +0 scale mail (worn)
 c - a +0 shield (worn)
Jewellery
 g - an uncursed ring of wizardry {unknown}
 i - an uncursed ring of ice {unknown}
Scrolls
 h - a scroll of fog {unknown}
 k - a scroll of teleportation {unknown}
 l - a scroll of enchant weapon {unknown}
 n - 3 scrolls of identify {unknown}
 q - a scroll of fear {unknown}
 r - a scroll of random uselessness {unknown}
 s - a scroll of enchant armour {unknown}
Potions
 e - 4 potions of lignification {unknown}
 j - a potion of agility {unknown}
 m - 2 potions of heal wounds {unknown}
 p - a potion of invisibility {unknown}
Comestibles
 f - 3 rations


   Skills:
 + Level 4.3 Fighting
 + Level 3.4 Long Blades
 + Level 4.3 Armour
 + Level 4.0 Shields


You had 3 spell levels left.
You didn't know any spells.
Your spell library was empty.

Dungeon Overview and Level Annotations

Branches:
Dungeon (2/15)

Altars:

Annotations:
D:2 Natasha


Innate Abilities, Weirdness & Mutations

Shadows flee at your approach. (+LOS)
You can swim through water.
You cover ground slowly.
You can hop short distances.


Message History

Natasha claws you but does no damage. x2
You closely miss Natasha. Natasha claws you.
* * * LOW HITPOINT WARNING * * *
You block Natasha's attack.
You slash Natasha!
Natasha is heavily wounded.
Natasha claws you.
* * * LOW HITPOINT WARNING * * *
Natasha mumbles some strange words.
You feel very mighty all of a sudden.
Natasha drinks a potion.
Natasha is healed!
You hit Natasha but do no damage.
You feel yourself speed up. The shadow imp barely misses you.
Natasha completely misses you.
You riposte.
You slash Natasha!
Natasha is almost dead.
The shadow imp shouts, "Give up, thou vain spur-galled minnow reeky!"
The shadow imp hits you but does no damage.
Natasha claws you.
You die...

#################
................#
#######........5#######
....>...######.h@.....#
######### #.######.#
######## #.# #.#
.......# #.# #.#
######.#######.## #.#
#..........# #.#
######....# #.# #.##.#
#.# #.##.# #.#


You could see Natasha and a shadow imp.

Vanquished Creatures
  Natasha (D:2)
  An adder (D:2)
  A gnoll (D:1)
  An ooze (D:1)
  A dart slug (D:1)
  A worm (D:2)
  2 leopard geckos
  A giant cockroach (D:1)
  5 goblins
  4 hobgoblins (D:1)
  A ball python (D:1)
  3 bats (D:1)
  3 frilled lizards (D:1)
  3 kobolds (D:1)
  6 rats (D:1)
34 creatures vanquished.

Notes
Turn   | Place    | Note
-------+----------+-------------------------------------------
     0 | D:1      | AarnesTheHuman the Barachi Fighter began the quest for the
                  | Orb.
     0 | D:1      | Reached XP level 1. HP: 18/18 MP: 1/1
   113 | D:1      | Reached XP level 2. HP: 25/25 MP: 2/2
   249 | D:1      | Reached XP level 3. HP: 20/30 MP: 3/3
  1053 | D:2      | Reached XP level 4. HP: 24/37 MP: 4/4
  1179 | D:2      | Noticed Natasha
  1188 | D:2      | Killed Natasha
  1256 | D:2      | Noticed Natasha
  1277 | D:2      | Slain by Natasha

Skill      XL: |  1  2  3  4 |
---------------+-------------+-----
Fighting       | 4 |  4.3
Armour         | 4 |  4.3
Long Blades    | 3 |  3.4
Shields        | 4 |  4.0

Action                   |  1- 3 |  4- 6 || total
-------------------------+-------+-------++-------
Melee: Long sword        |   114 |    24 ||   138
  Use: Potion            |       |     1 ||     1
  Eat: Chunk             |     1 |     1 ||     2
Armor: Scale mail        |    51 |     7 ||    58
Dodge: Dodged            |    35 |     7 ||    42
Block: Shield            |    47 |    18 ||    65
       Rpst.: Long sword |    12 |     4 ||    16
